 Dungeon Crawl Stone Soup version 0.26-a0-851-g735459dd53 (webtiles) character file.

Game seed: 3508728711945788241

77 ANON1729 the Poker (level 4, -18/35 HPs)
             Began as a Merfolk Gladiator on Nov 21, 2020.
             Demolished by an ogre
             ... wielding a +0 giant club
              (25 damage)
             ... on level 4 of the Dungeon.
             The game lasted 00:02:38 (2336 turns).

ANON1729 the Poker (Merfolk Gladiator)              Turns: 2336, Time: 00:02:39

Health: -18/35     AC:  6    Str: 17    XL:     4   Next: 34%
Magic:  4/4        EV: 14    Int:  7    God:
Gold:   164        SH:  4    Dex: 15    Spells: 3/3 levels left

rFire    . . .     SeeInvis .   r - +0 trident (protect)
rCold    . . .     Faith    .   (no shield)
rNeg     . . .     Spirit   .   b - +0 leather armour
rPois    .         Reflect  .   c - +0 helmet
rElec    .         Harm     .   n - scarf {repulsion}
rCorr    .         Rampage  .   (no gloves)
MR       .....                  s - +0 pair of boots
Stlth    +.........             j - amulet of magic regeneration
HPRegen  0.11/turn              (no ring)
MPRegen  0.34/turn              (no ring)

@: repel missiles
A: change form in water, swift swim, stealthy swim, large bone plates 1, shaggy
fur 1, strong 1
a: no special abilities


You were on level 4 of the Dungeon.
You visited 1 branch of the dungeon, and saw 4 of its levels.

You collected 164 gold pieces.

Inventory:

Hand Weapons
 a - a +0 trident
 r - a +0 trident of protection (weapon)
 u - the +3 scythe of Spite {vorpal, Str+3 Dex+3}
   (You found it on level 4 of the Dungeon)

   It inflicts extra damage upon your enemies.
   It affects your strength (+3).
   It affects your dexterity (+3).
Missiles
 d - 3 throwing nets (quivered)
Armour
 b - a +0 leather armour (worn)
 c - a +0 helmet (worn)
 h - a +0 hat
 n - a scarf of repulsion (worn)
 s - a +0 pair of boots (worn)
Jewellery
 j - an amulet of magic regeneration (around neck)
 t - a +4 ring of protection {unknown}
Scrolls
 f - a scroll of random uselessness {unknown}
 g - 8 scrolls of identify {unknown}
 k - a scroll of remove curse {unknown}
 l - a scroll of teleportation {unknown}
 m - a scroll of enchant armour {unknown}
 o - a scroll of fear {unknown}
 q - a scroll of immolation {unknown}
Potions
 e - a potion of curing {unknown}
 i - a potion of cancellation {unknown}
 p - a potion of mutation


   Skills:
 + Level 3.1 Fighting
 + Level 5.2 Polearms
 + Level 2.8 Throwing
 + Level 4.7 Dodging


You had 3 spell levels left.
You didn't know any spells.
Your spell library contained the following spells:

 Spells                   Type           Power        Failure   Level
 Corona                   Hex            #......      50%         1
 Ensorcelled Hibernation  Hex/Ice        #.....       65%         2
 Confusing Touch          Hex            #.......     86%         3
 Dazzling Flash           Conj/Hex       #.....       86%         3
 Tukima's Dance           Hex            #.......     86%         3


Dungeon Overview and Level Annotations

Branches:
Dungeon (4/15)
 Temple: D:4-7

Altars:
Okawaru
Sif Muna
Vehumet


Innate Abilities, Weirdness & Mutations

You revert to your normal form in water.
You are very nimble and swift while swimming.
You are very stealthy in the water. (Stealth+)
You are partially covered in large bone plates. (SH +4)
You are covered in fur. (AC +1)
Your muscles are strong. (Str +2)


Message History

You are too injured to fight recklessly!
You are too injured to fight recklessly!
You are too injured to fight recklessly!
The centaur wields a +0 shortbow.
The centaur shoots an arrow.
The arrow closely misses you.
Evoke which item? (* to show all) (? for menu, Esc to quit)
Okay, then.
Unknown command.
It was a potion of mutation.
You feel extremely strange.
Large bone plates grow over parts of your arms.
You feel stronger. Fur sprouts all over your body.
The centaur shoots an arrow.
The arrow barely misses you.
The centaur shoots an arrow.
The arrow hits you.
* * * LOW HITPOINT WARNING * * *
You see here an arrow.
You see here a club.
There is a stone staircase leading up here.
The ogre hits you with a +0 giant club!!
Ouch! That really hurt!
You die...

### # ..# #. #.# ..
#. #.# .. #.. #.# #.
#..###.# ########.
#......######........
##..@Oc.......#####..
######.##.##.#####..
#.##.......##..
#c#####.##.##(.
#...........(..
##############. #. #.
#.


You could see an ogre and a centaur.

Vanquished Creatures
  2 adders
  A worm (D:3)
  An orc (D:2)
  5 giant cockroaches
  5 goblins
  5 hobgoblins
  10 jackals
  5 kobolds
  A quokka (D:3)
  4 bats
  6 frilled lizards
  A leopard gecko skeleton (D:4)
  6 rats
52 creatures vanquished.

Notes
Turn   | Place    | Note
-------+----------+-------------------------------------------
     0 | D:1      | ANON1729 the Merfolk Gladiator began the quest for the Orb.
     0 | D:1      | Reached XP level 1. HP: 16/16 MP: 1/1
   179 | D:1      | You fall into a shaft and drop 1 floor!
   225 | D:2      | Reached XP level 2. HP: 23/23 MP: 2/2
   490 | D:2      | Reached XP level 3. HP: 28/28 MP: 3/3
   490 | D:2      | Found an iron altar of Okawaru.
  1093 | D:2      | Reached skill level 5 in Polearms
  1106 | D:2      | Found a shimmering blue altar of Sif Muna.
  1425 | D:3      | Reached XP level 4. HP: 24/35 MP: 4/4
  1741 | D:3      | Found a radiant altar of Vehumet.
  2308 | D:4      | Noticed an ogre
  2309 | D:4      | Got a bloodstained scythe
  2310 | D:4      | Identified the +3 scythe of Spite {vorpal, Str+3 Dex+3}
                  | (You found it on level 4 of the Dungeon)
  2312 | D:4      | Noticed a centaur
  2317 | D:4      | Gained mutation: You are partially covered in large bone
                  | plates. (SH +4) [potion of mutation]
  2317 | D:4      | Gained mutation: Your muscles are strong. (Str +2) [potion
                  | of mutation]
  2317 | D:4      | Gained mutation: You are covered in fur. (AC +1) [potion of
                  | mutation]
  2336 | D:4      | Demolished by an ogre

Illustrated notes

Levels and vault maps discovered:
D:1:      minmay_arrival_open_corners, layout_basic, serial_forest,
          infiniplex_forest_clump_small, infiniplex_forest_clump_tiny,
          infiniplex_forest_split, infiniplex_forest_clump_large,
          infiniplex_forest_lined_4_way, infiniplex_forest_straight_1,
          infiniplex_forest_end_2, infiniplex_forest_straight_2,
          cheibriados_altar_1
D:2:      layout_basic, lemuel_blue_sif_altar, marbit_many_paths, minivault_27,
          minmay_liquid_box, minmay_close_crescents
D:3:      layout_loops_ring, lemuel_doored_altar, serial_bayou_pond_d
D:4:      layout_loops_cross, grunt_temple_overflow_gold_and_silver

Skill      XL: |  1  2  3 |
---------------+----------+-----
Polearms       | 5 |  5.2
Fighting       | 3 |  3.1
Throwing       | |  2.8
Dodging        | |  4.7

Action                   |  1- 3 |  4- 6 || total
-------------------------+-------+-------++-------
Melee: Trident           |    95 |    56 ||   151
  Use: Potion            |       |     1 ||     1
 Stab: Sleeping          |     4 |     3 ||     7
Armor: Leather armour    |    11 |    16 ||    27
Dodge: Dodged            |    36 |    43 ||    79

Table legend: (Time is in decaauts)
 A = Elapsed time spent in this place.
 B = Non-inter-level travel time spent in this place.
 C = Inter-level travel time spent in this place.
 D = Time resting spent in this place.
 E = Time spent auto-exploring this place.
 F = Levels seen in this place.
 G = Mean time per level.
                   A        B        C        D        E       F      G
               +--------+--------+--------+--------+--------+-----+--------+
         Total |   2340 |   2284 |     56 |      0 |   1905 |   4 |  585.0 |
       Dungeon |   2340 |   2284 |     56 |      0 |   1905 |   4 |  585.0 |
               +--------+--------+--------+--------+--------+-----+--------+

Top non-repeatable levels by time:
     D:3: 1101 daAuts
     D:2: 1010 daAuts
     D:1: 179 daAuts
     D:4: 49 daAuts
